 Dungeon Crawl Stone Soup version 0.28.0-45-g0d030f2227 (webtiles) character file.

Game seed: 10383008041953356030

16 MalarOregon the Grasshopper (level 2, 0/23 HPs)
             Began as a Palentonga Warper on Apr 20, 2022.
             Frozen to death by an endoplasm (5 damage)
             ... on level 1 of the Dungeon.
             The game lasted 00:01:40 (657 turns).

MalarOregon the Grasshopper (Palentonga Warper)      Turns: 657, Time: 00:01:40

Health: 0/23       AC:  7    Str: 14    XL:     2   Next: 37%
Magic:  5/5        EV:  4    Int: 13    God:
Gold:   8          SH:  0    Dex:  9    Spells: 5/5 levels left

rFire   . . .      SeeInvis +   a - +0 mace
rCold   . . .      Faith    .   (no shield)
rNeg    . . .      Spirit   .   f - +0 chain mail
rPois   +          Reflect  .   (no helmet)
rElec   .          Harm     .   (no cloak)
rCorr   .          Rampage  .   (no gloves)
Will    .....                   (no barding)
Stlth   ..........              (no amulet)
HPRegen 0.07/turn               b - ring of poison resistance
MPRegen 0.09/turn               (no ring)

@: no status effects
A: large, rugged brown scales 3, see invisible, deformed body, roll 1, armoured
tail
a: Rolling Charge


You were on level 1 of the Dungeon.
You visited 1 branch of the dungeon, and saw 1 of its levels.

You collected 8 gold pieces.


Innate Abilities, Weirdness & Mutations

You are completely covered in rugged brown scales. (AC +3, +7% HP)
You have supernaturally acute eyesight. (SInv)
Armour fits poorly on your strangely shaped body.
You can roll at nearby foes to attack.
You have a long armoured tail.


   Skills:
 + Level 2.1 Fighting
 + Level 2.1 Maces & Flails
 + Level 0.9 Throwing
 + Level 1.0 Armour
 + Level 1.7 Dodging
 + Level 2.1 Spellcasting
 + Level 3.1 Translocations


You had 5 spell levels left.
You didn't know any spells.
Your spell library contained the following spells:

 Spells                   Type           Power      Damage    Failure   Level
 Blink                    Tloc           18%        N/A       97%         2
 Gell's Gravitas          Tloc           9%         N/A       99%         3
 Lesser Beckoning         Tloc           9%         N/A       99%         3
 Teleport Other           Tloc           9%         N/A       99%         3
 Manifold Assault         Tloc           9%         N/A       100%        5

Inventory:

Hand Weapons
 a - a +0 mace (weapon)
Missiles
 d - 5 boomerangs of dispersal (quivered) {!f}
Armour
 f - a +0 chain mail (worn)
   (You found it on level 1 of the Dungeon)
Jewellery
 b - a ring of poison resistance (left hand)
   (You found it on level 1 of the Dungeon)
Scrolls
 c - a scroll of blinking
Potions
 e - a potion of haste {unknown}

Dungeon Overview and Level Annotations

Branches:
Dungeon (1/15)

Altars:

# .## #.. #.# ..#
#.# #J#
#@################
#.................
##################


You could see an endoplasm.


Message History

You hit the hobgoblin.
You kill the hobgoblin!
No target in view!
Things that are here:
a +0 club; a goblin corpse
There is a stone staircase leading down here.
b - a ring of poison resistance
b - a ring of poison resistance (left hand)
A ball python comes into view.
The ball python hisses angrily.
You thump the ball python!
You kill the ball python!
No target in view!
A hobgoblin comes into view.
The hobgoblin hits you.
You hit the hobgoblin.
You kill the hobgoblin!
No target in view!
Found 25 stones.
You see here 25 stones.
Found a stone staircase leading down.
Unknown command.
Okay, then.
Okay, then.
Found 8 gold pieces.
You now have 8 gold pieces.
A ball python comes into view.
The ball python hisses angrily.
Okay, then.
A ball python is nearby!
You completely miss the ball python. You tail-slap the ball python.
You kill the ball python!
You have reached level 2!
You open the door.
There is an open door here.
You open the door.
There is an open door here.
A frilled lizard comes into view.
The frilled lizard hisses angrily.
You miss the frilled lizard.
The frilled lizard bites you but does no damage. x2
You closely miss the frilled lizard. The frilled lizard bites you.
You miss the frilled lizard.
The frilled lizard bites you but does no damage.
You closely miss the frilled lizard.
The frilled lizard bites you but does no damage. x2
You hit the frilled lizard.
You kill the frilled lizard!
A goblin comes into view. It is wielding a +0 club.
The goblin shouts!
A quokka comes into view.
A ball python comes into view.
You closely miss the goblin.
An endoplasm comes into view.
The goblin hits you but does no damage.
The endoplasm quivers.
You hit the goblin.
A bat comes into view.
The goblin hits you with a +0 club.
You hit the goblin. The goblin hits you with a +0 club.
An endoplasm comes into view.
The goblin hits you with a +0 club.
You hit the goblin but do no damage. The goblin hits you but does no damage.
You hit the goblin.
You kill the goblin!
Your Armour skill increases to level 1!
You hit the quokka but do no damage. The quokka bites you.
The quokka barely misses you.
You closely miss the quokka. The quokka bites you.
* * * LOW HITPOINT WARNING * * *
The quokka bites you but does no damage.
You closely miss the quokka. The quokka bites you.
* * * LOW HITPOINT WARNING * * *
You closely miss the quokka. The quokka bites you.
* * * LOW HITPOINT WARNING * * *
The quokka bites you but does no damage.
You barely miss the quokka.
The quokka bites you but does no damage.
You hit the quokka.
You kill the quokka!
You hit the ball python.
You kill the ball python!
The endoplasm jiggles.
You hit the endoplasm. You tail-slap the endoplasm.
You kill the endoplasm!
The bat hits you but does no damage.
You closely miss the bat. The bat hits you.
* * * LOW HITPOINT WARNING * * *
The bat hits you but does no damage. The bat completely misses you.
You miss the bat. The bat hits you but does no damage. x2
You completely miss the bat. The bat barely misses you.
The bat hits you but does no damage.
You closely miss the bat. The bat hits you but does no damage.
The bat barely misses you. x2
You barely miss the bat. You tail-slap the bat.
You kill the bat!
You hit the endoplasm.
Your tail-slap misses the endoplasm.
The endoplasm freezes you.
You are frozen.
You die...

Skill      XL: |  1  2 |
---------------+-------+-----
Armour         | 1 |  1.0
Fighting       | |  2.1
Maces & Flails | |  2.1
Throwing       | |  0.9
Dodging        | |  1.7
Spellcasting   | |  2.1
Translocations | |  3.1

Action                   || total
-------------------------++-------
Melee: Mace              ||    48
       Tailslap          ||     4
       Punch             ||     1
Armor: Chain mail        ||    25
       Leather armour    ||     3
Dodge: Dodged            ||    10

Levels and vault maps discovered:
D:1:      minmay_arrival_three_doors, layout_basic,
          shapermc_ecumenical_altar_ellora, nrook_mini_vaults,
          minmay_hexomino_c4

Notes
Turn   | Place    | Note
-------+----------+-------------------------------------------
     0 | D:1      | MalarOregon the Palentonga Warper began the quest for the
                  | Orb.
     0 | D:1      | Reached XP level 1. HP: 17/17 MP: 3/3
    42 | D:1      | HP: 3/17 [quokka (4)]
   562 | D:1      | Reached XP level 2. HP: 23/23 MP: 5/5
   644 | D:1      | Reached skill level 1 in Armour
   647 | D:1      | HP: 5/23 [quokka (4)]
   652 | D:1      | HP: 5/23 [bat (1)]
   657 | D:1      | Frozen to death by an endoplasm

Vanquished Creatures
  A bat (D:1)
  An endoplasm (D:1)
  2 goblins (D:1)
  3 hobgoblins (D:1)
  2 quokkas (D:1)
  3 ball pythons (D:1)
  A frilled lizard (D:1)
13 creatures vanquished.

Table legend:
 A = Non-vault XP
 B = Vault XP
 C = Vault XP percentage of total XP
 D = Non-vault monster count
 E = Vault monster count
 F = Vault count percentage of total count
                 A         B        C        D         E       F
            +---------+---------+-------+---------+---------+-------
      Total |      16 |       7 |  30.4 |       9 |       4 |  30.8
            +---------+---------+-------+---------+---------+-------
        D:1 |      16 |       7 |  30.4 |       9 |       4 |  30.8
            +---------+---------+-------+---------+---------+-------

Illustrated notes

Table legend:
 A = Kills in this place as a percentage of kills in entire the game.
 B = Kills by you in this place as a percentage of kills by you in the entire game.
 C = Kills by friends in this place as a percentage of kills by friends in the entire game.
 D = Other kills in this place as a percentage of other kills in the entire game.
 E = Experience gained in this place as a percentage of experience gained in the entire game.
 F = Experience gained in this place divided by the number of levels of this place that you have seen.
                   A       B       C       D       E      F
               +-------+-------+-------+-------+-------+----------------------
         Total | 100.0 | 100.0 |   N/A |   N/A | 100.0 |  23.0
       Dungeon | 100.0 | 100.0 |   N/A |   N/A | 100.0 |  23.0
               +-------+-------+-------+-------+-------+----------------------

Table legend: (Time is in decaauts)
 A = Elapsed time spent in this place.
 B = Non-inter-level travel time spent in this place.
 C = Inter-level travel time spent in this place.
 D = Time resting spent in this place.
 E = Time spent auto-exploring this place.
 F = Levels seen in this place.
 G = Mean time per level.
                   A        B        C        D        E       F      G
               +--------+--------+--------+--------+--------+-----+--------+
         Total |    670 |    670 |      0 |    291 |    267 |   1 |  670.0 |
       Dungeon |    670 |    670 |      0 |    291 |    267 |   1 |  670.0 |
               +--------+--------+--------+--------+--------+-----+--------+

Top non-repeatable levels by time:
     D:1: 670 daAuts
